 Dungeon Crawl Stone Soup version 0.25-a0-942-g87a5396 (webtiles) character file.

Game seed: 6023529114872431481, levelgen mode: deterministic

210 DrEnzyme the Skirmisher (level 6, -2/39 HPs)
             Began as a Kobold Wanderer on May 7, 2020.
             Was an Initiate of Okawaru.
             Succumbed to Ijyb's poison
             ... on level 3 of the Dungeon.
             The game lasted 00:11:57 (5340 turns).

DrEnzyme the Skirmisher (Kobold Wanderer)           Turns: 5340, Time: 00:11:58

Health: -2/39      AC:  5    Str: 11    XL:     6   Next: 12%
Magic:  6/6        EV: 13    Int: 17    God:    Okawaru [......]
Gold:   156        SH:  0    Dex: 11    Spells: 5/5 levels left

rFire    . . .     SeeInvis .   a - +1 dagger (pain)
rCold    . . .     Gourm    .   (shield restricted)
rNeg     . . .     Faith    .   l - +0 ring mail
rPois    .         Spirit   .   (no helmet)
rElec    .         Reflect  .   (no cloak)
rCorr    .         Harm     .   (no gloves)
MR       .....                  (no boots)
Stlth    ++........             (no amulet)
HPRegen  0.13/turn              (no ring)
MPRegen  0.10/turn              (no ring)

@: lethally poisoned (-2 -> -53)
A: small, carnivore
a: Renounce Religion


You were on level 3 of the Dungeon.
You worshipped Okawaru.
Okawaru was noncommittal.
You were very full.

You visited 1 branch of the dungeon, and saw 4 of its levels.
You also visited: Sewer.

You collected 156 gold pieces.

Inventory:

Hand Weapons
 a - a +1 dagger of pain (weapon)
 b - a +0 shortbow
 j - a +2 dagger
Armour
 g - a +0 robe
 l - a +0 ring mail (worn)
Jewellery
 e - a cursed -2 ring of protection {unknown}
 m - an uncursed ring of protection from cold {unknown}
Scrolls
 c - a scroll of fear
 n - a scroll of amnesia
 q - a scroll of fog
 r - a scroll of teleportation
Potions
 h - 2 potions of magic {unknown}
 i - a potion of invisibility {unknown}
 o - 3 potions of might {unknown}
 s - a potion of flight {unknown}
Comestibles
 f - 3 rations


   Skills:
 * Level 4.4 Fighting
 + Level 1.0 Short Blades
   Level 1.0 Polearms
 * Level 4.2 Bows
 * Level 1.8 Armour
 * Level 2.0 Dodging
 + Level 3.2 Stealth


You had 5 spell levels left.
You didn't know any spells.
Your spell library was empty.

Dungeon Overview and Level Annotations

Branches:
Dungeon (4/15)              Sewer (visited)
 Temple: D:4-7

Altars:
Okawaru

Annotations:
D:3 Ijyb


Innate Abilities, Weirdness & Mutations

You are small and have problems with some larger weapons.
You are carnivorous and can eat meat at any time.


Message History

* * * LOW HITPOINT WARNING * * *
You feel very sick.
Ijyb screams, "Die!"
Ijyb hits you but does no damage.
You are more poisoned.
You hit Ijyb but do no damage.
Ijyb is severely wounded.
* * * LOW HITPOINT WARNING * * *
You feel very sick. Ijyb completely misses you.
You hit Ijyb but do no damage.
Ijyb is severely wounded.
* * * LOW HITPOINT WARNING * * *
You feel very sick.
Ijyb hits you with a +1 dagger of venom.
* * * LOW HITPOINT WARNING * * *
You are more poisoned.
You hit Ijyb but do no damage.
Ijyb is severely wounded.
You die...

........##.###...........#
..................########
#.#.#.#.######....# ##.
#...# #....# ....#...#
#...## .#..#...######...#
.................#
.......(((.......#
.#........)((g@..#########
......#......(.............#
......#.....(.#.#.##########
.#.#..g...(##.#.#.#
.#.#..........#.#.#
................#.#
..................#
.###..##.#......###
............#.#.########


You could see Ijyb.

Vanquished Creatures
  Jessica (D:3)
  A gnoll (D:1)
  6 adders
  3 river rats (Sewer)
  A worm (D:3)
  A dart slug (D:2)
  3 leopard geckos
  2 giant cockroaches
  6 hobgoblins
  4 quokkas
  10 ball pythons
  11 bats
  11 frilled lizards
  7 goblins
  10 kobolds
  17 rats
94 creatures vanquished.

Notes
Turn   | Place    | Note
-------+----------+-------------------------------------------
     0 | D:1      | DrEnzyme the Kobold Wanderer began the quest for the Orb.
     0 | D:1      | DrEnzyme set off with the following items: a +2 dagger, a
                  | scroll of fear, a +0 shortbow, 26 arrows, a potion of
                  | curing, a ration, a +0 robe
     0 | D:1      | Reached XP level 1. HP: 14/14 MP: 1/1
   256 | D:1      | Reached XP level 2. HP: 20/20 MP: 2/2
   735 | D:1      | Reached XP level 3. HP: 24/24 MP: 3/3
  1334 | D:1      | Reached XP level 4. HP: 10/29 MP: 4/4
  2139 | D:2      | Reached XP level 5. HP: 14/33 MP: 5/5
  2459 | D:2      | Found an iron altar of Okawaru.
  2512 | D:2      | Became a worshipper of Warmaster Okawaru
  3269 | D:3      | Noticed Ijyb
  3545 | D:4      | Noticed an ogre
  3569 | D:3      | Reached skill level 1 in Short Blades
  3683 | D:3      | Found a glowing drain.
  3692 | Sewer    | Entered a sewer
  4610 | D:3      | Noticed Jessica
  4615 | D:3      | Killed Jessica
  4615 | D:3      | Reached XP level 6. HP: 29/39 MP: 6/6
  5339 | D:3      | HP: 1/39 [Ijyb/+1 dagger of venom (1)]
  5340 | D:3      | Succumbed to Ijyb's poison

Levels and vault maps discovered:
D:1:      roderic_crossed_star, layout_loops_corners, minivault_23,
          serial_bayou_lagoon_b
D:2:      layout_basic, kennysheep_okawaru_gauntlet, nrook_mini_vaults,
          minmay_misc_feat_roman
D:3:      layout_basic, first_ration, cheibrodos_sewer_entry_drain, uniq_ijyb,
          uniq_jessica
D:4:      layout_rooms, kennysheep_mini_moat, gup_ossuary_entry_pyramid,
          serial_shops, shop_fountains, gammafunk_ghost_icy, lightli_minifort

Skill      XL: |  1  2  3  4  5 |
---------------+----------------+-----
Stealth        | 3 |  3.2
Bows           | 3 4 |  4.2
Fighting       | 4 |  4.4
Short Blades   | 1 |  1.0
Dodging        | 2 |  2.0
Polearms       | |  1.0
Armour         | |  1.8

Action                   |  1- 3 |  4- 6 || total
-------------------------+-------+-------++-------
Melee: Dagger            |    14 |   243 ||   257
 Fire: Shortbow          |    85 |   119 ||   204
  Use: Scroll            |       |     6 ||     6
       Potion            |       |     7 ||     7
 Stab: Sleeping          |       |     1 ||     1
  Eat: Chunk             |     9 |    12 ||    21
Armor: Robe              |     4 |       ||     4
       Ring mail         |     7 |   107 ||   114
       Skin              |       |    37 ||    37
Dodge: Dodged            |    19 |   224 ||   243

Table legend:
 A = Non-vault XP
 B = Vault XP
 C = Vault XP percentage of total XP
 D = Non-vault monster count
 E = Vault monster count
 F = Vault count percentage of total count
                 A         B        C        D         E       F
            +---------+---------+-------+---------+---------+-------
      Total |     201 |      99 |  33.0 |      73 |      21 |  22.3
            +---------+---------+-------+---------+---------+-------
        D:1 |      65 |       0 |   0.0 |      35 |       0 |   0.0
        D:2 |     100 |       0 |   0.0 |      25 |       0 |   0.0
        D:3 |      36 |      43 |  54.4 |      13 |       4 |  23.5
      Sewer |       0 |      56 | 100.0 |       0 |      17 | 100.0
            +---------+---------+-------+---------+---------+-------
